TOP OF THE 1ST |
Minnesota (NYP) Twins batting - Pitching for Hudson Valley Renegades : RHP Jeremy Price
|
Pitching: RHP Jeremy Price
|
|
Batting: LHB Chris Munguia
|
0-0: Ground out 4-3 (Groundball, 4D, EV 101.9 MPH)
|
Batting: RHB Sean Gould
|
0-0: Foul Ball, location: 2F 0-1: Ball 1-1: Fly out, F8 (Flyball, 8RM, EV 84.4 MPH)
|
Batting: SHB Ian Thompson
|
0-0: Ground out U3 (Groundball, 34S, EV 86.9 MPH)
|
Top of the 1st over - 0 runs, 0 hits, 0 errors, 0 left on base; Minnesota (NYP) 0 - Hudson Valley 0 |
BOTTOM OF THE 1ST |
Hudson Valley Renegades batting - Pitching for Minnesota (NYP) Twins : LHP Umberto van der Vleuten
|
Pitching: LHP Umberto van der Vleuten
|
|
Batting: SHB Chris Lockart
|
0-0: Called Strike 0-1: Hit by Pitch
|
Batting: RHB Chris Thorson
|
0-0: Ball Chris Lockart steals 2nd, throwing error, E2 Chris Lockart to third 1-0: Foul Ball, location: 2F 1-1: Swinging Strike 1-2: Ball 2-2: Strikes out swinging
|
Batting: RHB Adam Kaeser
|
0-0: Ball 1-0: Ball 2-0: Ball 3-0: Called Strike 3-1: Foul Ball, location: 2F 3-2: Foul Ball, location: 2F 3-2: Fly out, F8 (Flyball, 8LD, EV 86.9 MPH) Runner from 3rd tags up, SCORES, no throw by CF
|
Batting: RHB Eddie Zamora
|
0-0: SINGLE (Line Drive, 8RS, EV 110.6 MPH)
|
Batting: RHB Kunizo Yanagisawa
|
0-0: Ball 1-0: Called Strike 1-1: Ball 2-1: Ball 3-1: Called Strike Pickoff Throw by Catcher to First - Out!
|
Bottom of the 1st over - 1 run, 1 hit, 1 error, 0 left on base; Minnesota (NYP) 0 - Hudson Valley 1 |
TOP OF THE 2ND |
Minnesota (NYP) Twins batting - Pitching for Hudson Valley Renegades : RHP Jeremy Price
|
Batting: RHB Graham Calvert
|
0-0: Ball 1-0: Ball 2-0: Ground out 1-3 (Groundball, 13S, EV 71.2 MPH)
|
Batting: RHB Michael McDonald
|
0-0: Called Strike 0-1: Ball 1-1: Called Strike 1-2: Ball 2-2: Foul Ball, location: 2F 2-2: Ball 3-2: Foul Ball, location: 2F 3-2: Ground out U3 (Groundball, 3, EV 90.6 MPH)
|
Batting: LHB Seung-jun Chang
|
0-0: Ball 1-0: Foul Ball, location: 2F 1-1: Ball 2-1: Called Strike 2-2: Ball 3-2: Strikes out looking
|
Top of the 2nd over - 0 runs, 0 hits, 0 errors, 0 left on base; Minnesota (NYP) 0 - Hudson Valley 1 |
BOTTOM OF THE 2ND |
Hudson Valley Renegades batting - Pitching for Minnesota (NYP) Twins : LHP Umberto van der Vleuten
|
Batting: RHB Kunizo Yanagisawa
|
0-0: Foul Ball, location: 2F 0-1: Ground out 5-3 (Groundball, 5S, EV 86.2 MPH)
|
Batting: RHB Evan Chalarian
|
0-0: Called Strike 0-1: Ball 1-1: Foul Ball, location: 2F 1-2: Ball 2-2: Ball 3-2: Fly out, F1 (Line Drive, P, EV 68.8 MPH)
|
Batting: RHB Eric Waugaman
|
0-0: Foul Ball, location: 2F 0-1: Fly out, F8 (Flyball, 8LM, EV 87.5 MPH)
|
Bottom of the 2nd over - 0 runs, 0 hits, 0 errors, 0 left on base; Minnesota (NYP) 0 - Hudson Valley 1 |
TOP OF THE 3RD |
Minnesota (NYP) Twins batting - Pitching for Hudson Valley Renegades : RHP Jeremy Price
|
Batting: RHB David Nardone
|
0-0: Ground out 5-3 (Groundball, 56S, EV 66.2 MPH)
|
Batting: RHB Tony Crespo
|
0-0: Ground out 6-3 (Groundball, 56, EV 106.2 MPH)
|
Batting: SHB Donell Burney
|
0-0: Ball 1-0: Called Strike 1-1: Swinging Strike 1-2: Foul Ball, location: 2F 1-2: Strikes out swinging
|
Top of the 3rd over - 0 runs, 0 hits, 0 errors, 0 left on base; Minnesota (NYP) 0 - Hudson Valley 1 |
BOTTOM OF THE 3RD |
Hudson Valley Renegades batting - Pitching for Minnesota (NYP) Twins : LHP Umberto van der Vleuten
|
Batting: RHB Jesus Baires
|
0-0: Called Strike 0-1: DOUBLE (Flyball, 89D, EV 106.9 MPH)
|
Batting: LHB Alex Genao
|
0-0: Foul Ball, location: 2F 0-1: Foul Ball, location: 2F 0-2: Ball 1-2: Ball 2-2: Ball 3-2: Foul Ball, location: 2F 3-2: Strikes out swinging
|
Batting: SHB Chris Lockart
|
0-0: Called Strike Jesus Baires is caught stealing 3rd base 2-5 0-1: Foul Ball, location: 2F 0-2: Foul Ball, location: 2F 0-2: Ball 1-2: Fly out, F7 (Line Drive, 7D, EV 94.4 MPH)
|
Bottom of the 3rd over - 0 runs, 1 hit, 0 errors, 0 left on base; Minnesota (NYP) 0 - Hudson Valley 1 |
TOP OF THE 4TH |
Minnesota (NYP) Twins batting - Pitching for Hudson Valley Renegades : RHP Jeremy Price
|
Batting: LHB Chris Munguia
|
0-0: Foul Ball, location: 2F 0-1: Foul Ball, location: 2F 0-2: Ball 1-2: Ball 2-2: Foul Ball, location: 2F 2-2: Ground out U3 (Groundball, 3, EV 82.5 MPH)
|
Batting: RHB Sean Gould
|
0-0: Ball 1-0: Ball 2-0: Ball 3-0: Called Strike 3-1: Base on Balls
|
Batting: SHB Ian Thompson
|
0-0: Swinging Strike 0-1: Ball 1-1: Foul Ball, location: 2F 1-2: Strikes out looking
|
Batting: RHB Graham Calvert
|
0-0: Ball 1-0: Called Strike 1-1: Ground out 4-3 (Groundball, 34, EV 81.9 MPH)
|
Top of the 4th over - 0 runs, 0 hits, 0 errors, 1 left on base; Minnesota (NYP) 0 - Hudson Valley 1 |
BOTTOM OF THE 4TH |
Hudson Valley Renegades batting - Pitching for Minnesota (NYP) Twins : LHP Umberto van der Vleuten
|
Batting: RHB Chris Thorson
|
0-0: Ball 1-0: Swinging Strike 1-1: Swinging Strike 1-2: Strikes out looking
|
Batting: RHB Adam Kaeser
|
0-0: Ball 1-0: Ball 2-0: Called Strike 2-1: Foul Ball, location: 2F 2-2: Ball 3-2: Foul Ball, location: 2F 3-2: Base on Balls
|
Batting: RHB Eddie Zamora
|
0-0: Foul Ball, location: 2F 0-1: Ball Wild Pitch! Adam Kaeser to second 1-1: Ball 2-1: Ball 3-1: Ground out 6-3 (Groundball, 6, EV 101.9 MPH)
|
Batting: RHB Kunizo Yanagisawa
|
0-0: Called Strike 0-1: Ball 1-1: Fly out, F9 (Flyball, 9S, EV 86.2 MPH)
|
Bottom of the 4th over - 0 runs, 0 hits, 0 errors, 1 left on base; Minnesota (NYP) 0 - Hudson Valley 1 |
TOP OF THE 5TH |
Minnesota (NYP) Twins batting - Pitching for Hudson Valley Renegades : RHP Jeremy Price
|
Batting: RHB Michael McDonald
|
0-0: Ball 1-0: Ball 2-0: Ground out 6-3 (Groundball, 6, EV 96.2 MPH)
|
Batting: LHB Seung-jun Chang
|
0-0: Called Strike 0-1: Foul Ball, location: 2F 0-2: Ball 1-2: Strikes out looking
|
Batting: RHB David Nardone
|
0-0: Ball 1-0: Foul Ball, location: 2F 1-1: Ball 2-1: Called Strike 2-2: Strikes out swinging
|
Top of the 5th over - 0 runs, 0 hits, 0 errors, 0 left on base; Minnesota (NYP) 0 - Hudson Valley 1 |
BOTTOM OF THE 5TH |
Hudson Valley Renegades batting - Pitching for Minnesota (NYP) Twins : LHP Umberto van der Vleuten
|
Batting: RHB Evan Chalarian
|
0-0: Ball 1-0: Called Strike 1-1: Called Strike 1-2: Ground out 5-3 (Groundball, 56S, EV 85.6 MPH)
|
Batting: RHB Eric Waugaman
|
0-0: Ball 1-0: Ball 2-0: Ball 3-0: Called Strike 3-1: Ground out 5-3 (Groundball, 5L, EV 106.2 MPH)
|
Batting: RHB Jesus Baires
|
0-0: Called Strike 0-1: Foul Ball, location: 2F 0-2: Ball 1-2: Foul Ball, location: 2F 1-2: TRIPLE (Flyball, 89XD, EV 95.6 MPH)
|
Batting: LHB Alex Genao
|
0-0: Ball 1-0: Ball 2-0: Fly out, F9 (Flyball, 9, EV 98.1 MPH)
|
Bottom of the 5th over - 0 runs, 1 hit, 0 errors, 1 left on base; Minnesota (NYP) 0 - Hudson Valley 1 |
TOP OF THE 6TH |
Minnesota (NYP) Twins batting - Pitching for Hudson Valley Renegades : RHP Jeremy Price
|
Batting: RHB Tony Crespo
|
0-0: Called Strike 0-1: Called Strike 0-2: Foul Ball, location: 2F 0-2: Strikes out swinging
|
Batting: SHB Donell Burney
|
0-0: Hit by Pitch
|
Batting: LHB Chris Munguia
|
0-0: Ball 1-0: Ball 2-0: Ball Wild Pitch! Donell Burney to second 3-0: Swinging Strike 3-1: Ground out 4-3 (Groundball, 4, EV 80.6 MPH) Donell Burney to third
|
Batting: RHB Sean Gould
|
0-0: Hit by Pitch
|
Batting: SHB Ian Thompson
|
0-0: Called Strike 0-1: Foul Ball, location: 2F 0-2: Strikes out swinging
|
Top of the 6th over - 0 runs, 0 hits, 0 errors, 2 left on base; Minnesota (NYP) 0 - Hudson Valley 1 |
BOTTOM OF THE 6TH |
Hudson Valley Renegades batting - Pitching for Minnesota (NYP) Twins : LHP Umberto van der Vleuten
|
Batting: SHB Chris Lockart
|
0-0: Ball 1-0: Ball 2-0: Ball 3-0: Called Strike 3-1: Ground out 4-3 (Groundball, 4, EV 85.6 MPH)
|
Batting: RHB Chris Thorson
|
0-0: Called Strike 0-1: Ball 1-1: Ball 2-1: Ball 3-1: Foul Ball, location: 2F 3-2: Base on Balls
|
Batting: RHB Adam Kaeser
|
0-0: Ball Chris Thorson steals 2nd base 1-0: Ball 2-0: Called Strike 2-1: Ball 3-1: Base on Balls
|
Batting: RHB Eddie Zamora
|
0-0: Ball 1-0: Grounds into double play, 6-4-3 (Groundball, 6, EV 81.2 MPH)
|
Bottom of the 6th over - 0 runs, 0 hits, 0 errors, 1 left on base; Minnesota (NYP) 0 - Hudson Valley 1 |
TOP OF THE 7TH |
Minnesota (NYP) Twins batting - Pitching for Hudson Valley Renegades : RHP Jeremy Price
|
Batting: RHB Graham Calvert
|
0-0: Foul Ball, location: 2F 0-1: Ball 1-1: Fly out, F8 (Flyball, 78S, EV 95.6 MPH)
|
Batting: RHB Michael McDonald
|
0-0: Foul Ball, location: 2F 0-1: SINGLE (Groundball, 4MD, EV 106.9 MPH)
|
Batting: LHB Seung-jun Chang
|
0-0: Fielders Choice at 2nd, 1-4 (Groundball, 25, EV 66.2 MPH)
|
Batting: RHB David Nardone
|
0-0: Ball Seung-jun Chang steals 2nd, throwing error, E2 Seung-jun Chang to third 1-0: Foul Ball, location: 2F 1-1: Ground out 5-3 (Groundball, 5S, EV 70.0 MPH)
|
Top of the 7th over - 0 runs, 1 hit, 1 error, 1 left on base; Minnesota (NYP) 0 - Hudson Valley 1 |
BOTTOM OF THE 7TH |
Hudson Valley Renegades batting - Pitching for Minnesota (NYP) Twins : LHP Umberto van der Vleuten
|
Batting: RHB Kunizo Yanagisawa
|
0-0: SINGLE (Groundball, 6MS, EV 70.6 MPH) (infield hit)
|
Batting: RHB Evan Chalarian
|
0-0: Called Strike 0-1: Ball 1-1: Grounds into double play, 6-4-3 (Groundball, 6, EV 108.1 MPH)
|
Batting: RHB Eric Waugaman
|
0-0: Foul Ball, location: 2F 0-1: Ball 1-1: Fly out, F8 (Flyball, 8RM, EV 81.2 MPH)
|
Bottom of the 7th over - 0 runs, 1 hit, 0 errors, 0 left on base; Minnesota (NYP) 0 - Hudson Valley 1 |
TOP OF THE 8TH |
Minnesota (NYP) Twins batting - Pitching for Hudson Valley Renegades : RHP Jeremy Price
|
Batting: RHB Tony Crespo
|
0-0: Ground out 4-3 (Groundball, 4M, EV 85.0 MPH)
|
Pinch Hitting: RHB Willie Jimenez
|
0-0: Ball 1-0: Ground out 2-3 (Groundball, 2R, EV 61.9 MPH)
|
Batting: LHB Chris Munguia
|
0-0: Ball 1-0: Ball 2-0: Swinging Strike 2-1: Foul Ball, location: 2F 2-2: Foul Ball, location: 2F 2-2: Ground out U3 (Groundball, 3S, EV 79.4 MPH)
|
Top of the 8th over - 0 runs, 0 hits, 0 errors, 0 left on base; Minnesota (NYP) 0 - Hudson Valley 1 |
BOTTOM OF THE 8TH |
Hudson Valley Renegades batting - Pitching for Minnesota (NYP) Twins : LHP Umberto van der Vleuten
|
Pitching: RHP Josh Halvorson
|
|
Now at SS: Chris Starcher
|
|
Batting: RHB Jesus Baires
|
0-0: Foul Ball, location: 2F 0-1: Ground out 6-3 (Groundball, 6, EV 105.6 MPH)
|
Batting: LHB Alex Genao
|
0-0: Ball 1-0: Swinging Strike 1-1: Called Strike 1-2: Strikes out swinging
|
Batting: SHB Chris Lockart
|
0-0: Swinging Strike 0-1: Foul Ball, location: 2F 0-2: Ball 1-2: Strikes out swinging
|
Bottom of the 8th over - 0 runs, 0 hits, 0 errors, 0 left on base; Minnesota (NYP) 0 - Hudson Valley 1 |
TOP OF THE 9TH |
Minnesota (NYP) Twins batting - Pitching for Hudson Valley Renegades : RHP Jeremy Price
|
Pitching: LHP Tim Pulliam
|
|
Batting: RHB Sean Gould
|
0-0: Ground out 4-3 (Groundball, 4S, EV 95.0 MPH)
|
Batting: SHB Ian Thompson
|
0-0: Called Strike 0-1: Ball 1-1: Ball 2-1: Foul Ball, location: 2F 2-2: Strikes out swinging
|
Batting: RHB Graham Calvert
|
0-0: Swinging Strike 0-1: Called Strike 0-2: Foul Ball, location: 2F 0-2: Ball 1-2: Ball 2-2: Strikes out looking
|
Top of the 9th over - 0 runs, 0 hits, 0 errors, 0 left on base; Minnesota (NYP) 0 - Hudson Valley 1 |
|